 Dungeon Crawl Stone Soup version 0.20.0-15-g7f486f2 (webtiles) character file.

77790 NoAnimeNoLife the Bludgeoner (level 15, -6/115 HPs)
             Began as a Demonspawn Fighter on June 14, 2017.
             Was a High Priest of Qazlal.
             Mangled by an orc knight
             ... wielding a +0 halberd
              (16 damage)
             ... on level 2 of the Orcish Mines.
             The game lasted 00:49:29 (20957 turns).

NoAnimeNoLife the Bludgeoner (Demonspawn Fighter)  Turns: 20957, Time: 00:49:30

Health: -6/115     AC: 33    Str: 16    XL:     15   Next: 16%
Magic:  0/24       EV:  9    Int: 18    God:    Qazlal [*****.]
Gold:   1638       SH: 19    Dex: 25    Spells: 14/14 levels left

rFire    + + .     SeeInvis .   R - +1 flail "Rihir" {speed, Dex+3} (curse)
rCold    . . .     Gourm    .   c - +0 shield
rNeg     + . .     Faith    .   b - +10 plate armour {ponderous}
rPois    +         Spirit   +   (helmet restricted)
rElec    .         Reflect  .   e - +2 cloak
rCorr    .         Harm     .   (no gloves)
MR       +....     Clarity  +   (no boots)
Stlth    ..........             k - amulet of rage
Regen    0.7/turn               d - ring of poison resistance
MPRegen  0.4/turn               Y - ring "Jekhiycsi" {*Drain rF+ rN+ Int+8 Dex+3}

@: protected from physical damage, repel missiles, slow
A: antennae 1, hooves 1, yellow scales 2, clarity, fire resistance 1,
regeneration 1, magic shield, magic regeneration, subdued magic 1
a: Upheaval, Elemental Force, Disaster Area, Renounce Religion, Evoke Berserk
Rage


You were on level 2 of the Orcish Mines.
You worshipped Qazlal.
Qazlal was extremely pleased with you.
You were full.

You visited 3 branches of the dungeon, and saw 19 of its levels.
You also visited: Sewer and Ice Cave.

You collected 1783 gold pieces.
You spent 145 gold pieces at shops.

Inventory:

Hand Weapons
 F - a +2 mace of freezing
 R - the cursed +1 flail "Rihir" (weapon) {speed, Dex+3}
   (You found it on level 11 of the Dungeon)

   Attacks with this weapon are significantly faster.
   It affects your dexterity (+3).
   It has a curse placed upon it.
Armour
 b - a +10 plate armour of ponderousness (worn)
 c - a +0 shield (worn)
 e - a +2 cloak (worn)
 g - a +1 plate armour of cold resistance
 z - a +1 plate armour
Jewellery
 d - a ring of poison resistance (left hand)
 k - an amulet of rage (around neck)
 n - an uncursed ring of poison resistance
 o - an uncursed ring of flight
 p - an uncursed ring of positive energy
 q - an uncursed ring of protection from fire
 T - an uncursed ring of resist corrosion
 Y - the ring "Jekhiycsi" (right hand) {*Drain rF+ rN+ Int+8 Dex+3}
   (You found it on level 5 of the Lair of Beasts)

   [ring of positive energy]

   It affects your intelligence (+8).
   It affects your dexterity (+3).
   It protects you from fire.
   It protects you from negative energy.
   It causes draining when unequipped.
Wands
 a - a wand of confusion (39/48)
 D - a wand of enslavement (18/24)
 G - a wand of lightning (15/15)
 I - a wand of confusion (20/48)
 J - a wand of polymorph (10/24)
 L - a wand of paralysis (16/24)
 U - a wand of disintegration (14/24)
 V - a wand of acid (7/15)
 W - a wand of clouds (7/9)
Scrolls
 i - 2 scrolls of blinking
 j - 2 scrolls of enchant armour
 l - 2 scrolls of enchant weapon
 m - 9 scrolls of teleportation
 v - a scroll of magic mapping
 x - a scroll of fog
 y - 2 scrolls of fear
 C - 5 scrolls of amnesia
 M - a scroll of recharging
 S - 5 scrolls of remove curse
Potions
 h - a potion of agility
 s - 3 potions of curing
 t - a potion of heal wounds
 O - a potion of haste
 P - 5 potions of flight
Comestibles
 f - 4 bread rations
 r - 14 fruits
 u - 9 royal jellies
 w - 5 chunks of flesh
 N - 4 meat rations


   Skills:
 + Level 9.8 Fighting
 + Level 15.8 Maces & Flails
 + Level 9.0 Armour
 + Level 8.5 Dodging
 + Level 9.2 Shields
 + Level 12.4 Invocations


You had 14 spell levels left.
You didn't know any spells.

Dungeon Overview and Level Annotations

Branches:
Dungeon (11/15)            Temple (0/1) D:6            Lair (6/6) D:9
 Shoals (0/4) Lair:3        Snake (0/4) Lair:4        Slime (0/5) Lair:6
    Orc (2/2) D:11            Elf (0/3) Orc:2

Altars:
Ashenzari
Elyvilon
Kikubaaqudgha
Makhleb
Okawaru
Qazlal
Sif Muna
Uskayaw
Vehumet
The Shining One
Jiyva

Shops:
D:7 **   D:8 =   D:11 (


Innate Abilities, Weirdness & Mutations

You have large cloven feet.
You are mostly covered in yellow scales. (AC +3)
Your flesh is heat resistant. (rF+)
When hurt, damage is shared between your health and your magic reserves.
You regenerate magic rapidly.
You have a pair of small antennae on your head.
You possess an exceptional clarity of mind.
Your natural rate of healing is unusually fast.
Your spells are a little easier to cast, but a little less powerful.


Message History

You block the orc warrior's attack.
You thump the orc warrior!
You kick the orc warrior, but do no damage.
The orc warrior is heavily wounded.
The orc warrior hits you but does no damage.
You block the orc knight's attack.
You hit the orc warrior but do no damage.
Your kick misses the orc warrior.
The orc warrior is heavily wounded.
The orc knight hits you with a battleaxe!!!
* * * LOW HITPOINT WARNING * * *
You sock the orc warrior!
You kill the orc warrior!
Qazlal accepts your kill. The orc warrior hits you with a mace!!
* * * LOW HITPOINT WARNING * * *
You feel more protected from physical attacks.
The orc priest no longer looks unusually strong.
The orc knight hits you with a halberd!!
You die...

.....# #...#. .....# ...
#.##.. .....# ... ###.#.
.....# #.# #..... .....#
#o# #..... .....# #o#
#..... .....# #{# #.....
..... ...####o####...
#..... ..... #....o@.....#
#..... ..... ######[######
#..... .....
#######o###########.....
.....
......ยงยง)...............
.....
........................
.....
........................
....
........................
.............)).).......
..............))........


You could see 2 orc knights, 2 orc warriors and an orc priest.

Vanquished Creatures
  Saint Roka (Orc:2)
  Rupert (Orc:2)
  A frost giant (IceCv)
  An orc warlord (Orc:2)
  An ettin (Orc:2)
  The ghost of Feta the Cleaver, a journeyman FoFi of Okawaru (D:9)
  3 hydras
  A merfolk avatar (Lair:6)
  4 two-headed ogres
  4 death yaks
  3 orc high priests (Orc:2)
  Sonja (Lair:1)
  2 sea snakes (Lair:5)
  The ghost of NoAnimeNoLife the Basher, a novice DsFi of Ru (D:7)
  A harpy (Lair:6)
  3 orc knights (Orc:2)
  A manticore (Lair:6)
  An oklob plant (Lair:5)
  An ugly thing (D:11)
  7 orc sorcerers
  A black mamba (Lair:1)
  21 elephants
  2 ice statues (IceCv)
  A merfolk siren (Lair:3)
  A torpor snail (Lair:5)
  6 rime drakes
  11 spiny frogs
  8 komodo dragons
  5 trolls
  A queen bee (D:10)
  A merfolk (Lair:3)
  21 polar bears
  20 blink frogs
  2 hornets
  7 hippogriffs
  44 yaks
  A spriggan (Lair:5)
  A hungry ghost (D:9)
  A basilisk (D:11)
  6 wyverns
  The ghost of NoAnimeNoLife the Cudgeler, an amateur DsFi (D:3)
  2 wargs
  Grum (D:8)
  Menkaure (D:7)
  4 nagas (Lair:4)
  An acid dragon (D:11)
  11 water moccasins
  2 porcupines
  6 sky beasts
  A black bear (D:7)
  22 orc warriors
  11 ice beasts
  3 phantoms
  A necrophage (D:5)
  An eye of draining (D:11)
  5 ogres
  28 wolves
  4 centaurs
  12 crocodiles
  2 big kobolds
  A gnoll sergeant (D:5)
  20 bullfrogs
  2 scorpions
  13 killer bees (D:10)
  An electric eel (Lair:3)
  11 howler monkeys
  10 crimson imps
  2 bullfrog zombies
  2 hounds (D:5)
  16 orc priests
  2 jellies
  A bullfrog skeleton (D:9)
  20 orc wizards
  Crazy Yiuf (D:6)
  Natasha (thrice) (D:4)
  3 iguanas
  9 worker ants
  3 hound zombies
  Robin (D:2)
  A worker ant zombie (D:11)
  21 gnolls
  16 adders
  A river rat (Sewer)
  A shadow imp (D:5)
  An ooze (D:4)
  2 adder skeletons
  5 worms
  3 dart slugs
  3 leopard geckos
  68 orcs
  2 ball pythons (Sewer)
  10 giant cockroaches
  10 goblins
  12 hobgoblins
  3 jackals (D:7)
  3 quokkas
  7 bats
  8 frilled lizards
  17 kobolds
  A leopard gecko skeleton (D:5)
  A quokka zombie (D:4)
  12 rats
  2 fungi (Lair:5)
650 creatures vanquished.

Vanquished Creatures (collateral kills)
  2 hydras
  2 spiny frogs (Lair:6)
  A rime drake (Lair:6)
  A warg (Orc:2)
  An orc warrior (Orc:2)
  2 crocodiles
  An orc (Orc:2)
10 creatures vanquished.

Vanquished Creatures (others)
  An orc (Orc:2)
  A bush (Lair:5)
  8 fungi
  5 plants
15 creatures vanquished.

Grand Total: 675 creatures vanquished

Notes
Turn   | Place    | Note
-------+----------+-------------------------------------------
     0 | D:1      | NoAnimeNoLife the Demonspawn Fighter began the quest for the Orb.
     0 | D:1      | Reached XP level 1. HP: 18/18 MP: 1/1
    41 | D:1      | Reached skill level 2 in Maces & Flails
   284 | D:1      | Gained mutation: You are partially covered in yellow scales. (AC +2) [demonic ancestry]
   284 | D:1      | Reached XP level 2. HP: 24/24 MP: 2/2
   631 | D:1      | Reached skill level 3 in Maces & Flails
   764 | D:2      | Reached XP level 3. HP: 29/29 MP: 3/3
  1071 | D:2      | Noticed Robin
  1099 | D:2      | Killed Robin
  1099 | D:2      | Gained mutation: Your flesh is heat resistant. (rF+) [demonic ancestry]
  1099 | D:2      | Reached XP level 4. HP: 8/35 MP: 4/4
  1100 | D:2      | Reached skill level 4 in Maces & Flails
  1709 | D:3      | Reached XP level 5. HP: 11/41 MP: 5/5
  1996 | D:3      | Reached skill level 5 in Maces & Flails
  2041 | D:3      | Found a glowing golden altar of the Shining One.
  2108 | D:3      | Noticed NoAnimeNoLife's ghost (amateur DsFi)
  2125 | D:3      | Killed NoAnimeNoLife's ghost
  2125 | D:3      | Reached XP level 6. HP: 11/47 MP: 3/6
  2434 | D:3      | Reached skill level 6 in Maces & Flails
  2706 | D:4      | Gained mutation: Your spells are a little easier to cast, but a little less powerful. [potion of mutation]
  2706 | D:4      | Gained mutation: You have a pair of small antennae on your head. [potion of mutation]
  2706 | D:4      | Gained mutation: Your natural rate of healing is unusually fast. [potion of mutation]
  2706 | D:4      | Gained mutation: You possess an exceptional clarity of mind. [potion of mutation]
  2739 | D:4      | Found an ancient bone altar of Kikubaaqudgha.
  2739 | D:4      | Found a deep blue altar of Sif Muna.
  2741 | D:4      | Found a radiant altar of Vehumet.
  2745 | D:4      | Identified Sif Muna's Incunabulum of the Entourage
  2864 | D:4      | Noticed Natasha
  2873 | D:4      | Killed Natasha
  3003 | D:4      | Noticed Natasha
  3009 | D:4      | Killed Natasha
  3009 | D:4      | Reached skill level 7 in Maces & Flails
  3009 | D:4      | Reached XP level 7. HP: 44/52 MP: 5/7
  3141 | D:4      | Found a glowing drain.
  3149 | Sewer    | Entered a sewer
  3545 | D:4      | Noticed Natasha
  3549 | D:4      | Killed Natasha
  3943 | D:5      | Entered Level 5 of the Dungeon
  3998 | D:5      | Reached skill level 8 in Maces & Flails
  3999 | D:5      | HP: 1/52 [gnoll/spear (2)]
  4060 | D:5      | Found a stormy altar of Qazlal.
  4105 | D:5      | Became a worshipper of Qazlal Stormbringer
  4122 | D:5      | Gained mutation: You are mostly covered in yellow scales. (AC +3) [demonic ancestry]
  4122 | D:5      | Reached XP level 8. HP: 27/58 MP: 2/8
  4227 | D:5      | Reached skill level 9 in Maces & Flails
  4905 | D:5      | Reached skill level 10 in Maces & Flails
  5018 | D:6      | Reached * piety under Qazlal
  5265 | D:6      | Found a runed door.
  5357 | D:6      | Found a staircase to the Ecumenical Temple.
  5414 | D:6      | Reached XP level 9. HP: 62/63 MP: 9/9
  5604 | D:6      | Reached skill level 11 in Maces & Flails
  5859 | D:6      | Noticed Crazy Yiuf
  5864 | D:6      | Killed Crazy Yiuf
  6121 | D:7      | Noticed Menkaure
  6129 | D:7      | Killed Menkaure
  6157 | D:7      | Reached ** piety under Qazlal
  6223 | D:7      | Reached skill level 12 in Maces & Flails
  6301 | D:7      | Found Gimmuhiro's Assorted Antiques.
  6307 | D:7      | Bought a blackened gilded ring for 145 gold pieces
  6469 | D:7      | Found Siexuczoe's General Store.
  6530 | D:7      | Noticed NoAnimeNoLife's ghost (novice DsFi)
  6571 | D:7      | Killed NoAnimeNoLife's ghost
  6571 | D:7      | Reached XP level 10. HP: 58/70 MP: 7/10
  6580 | D:7      | Found a hide-covered altar of Uskayaw.
  6581 | D:7      | Found a shattered altar of Ashenzari.
  6670 | D:8      | Reached skill level 13 in Maces & Flails
  6827 | D:8      | Found Ewkebyfe's Jewellery Boutique.
  6831 | D:8      | Noticed a two-headed ogre
  6833 | D:8      | Noticed Grum
  6995 | D:8      | Killed a two-headed ogre
  7002 | D:8      | Killed Grum
  7254 | D:8      | Reached *** piety under Qazlal
  7315 | D:8      | Found a white marble altar of Elyvilon.
  7320 | D:8      | Found a burning altar of Makhleb.
  7944 | D:9      | Reached skill level 14 in Maces & Flails
  7962 | D:9      | Reached skill level 1 in Invocations
  8068 | D:9      | Reached skill level 1 in Dodging
  8151 | D:9      | Noticed a two-headed ogre
  8166 | D:9      | Killed a two-headed ogre
  8374 | D:9      | Noticed a two-headed ogre
  8385 | D:9      | Killed a two-headed ogre
  8385 | D:9      | Gained mutation: When hurt, damage is shared between your health and your magic reserves. [demonic ancestry]
  8385 | D:9      | Reached XP level 11. HP: 59/77 MP: 8/13
  8426 | D:9      | Found an iron altar of Okawaru.
  8444 | D:9      | Noticed Feta's ghost (journeyman FoFi)
  8661 | D:9      | Killed Feta's ghost
  8743 | D:9      | Found a staircase to the Lair.
  9240 | D:10     | Entered Level 10 of the Dungeon
  9377 | D:10     | Reached **** piety under Qazlal
  9436 | D:10     | Reached skill level 5 in Invocations
 10290 | D:11     | Got a shimmering flail
 10291 | D:11     | Identified the cursed +1 flail "Rihir" {speed, Dex+3} (You found it on level 11 of the Dungeon)
 10310 | D:11     | Noticed a two-headed ogre
 10317 | D:11     | Killed a two-headed ogre
 10317 | D:11     | Reached skill level 5 in Fighting
 10552 | D:11     | Noticed a cyan ugly thing
 10557 | D:11     | Killed a cyan ugly thing
 10711 | D:11     | Found Foupucw's Weapon Emporium.
 10793 | D:11     | Found a staircase to the Orcish Mines.
 11090 | Orc:1    | Entered Level 1 of the Orcish Mines
 11145 | Orc:1    | Noticed an orc sorcerer
 11149 | Orc:1    | Noticed a sixfirhy
 11158 | Orc:1    | Killed an orc sorcerer
 11306 | Orc:2    | Entered Level 2 of the Orcish Mines
 11314 | Orc:2    | Noticed an orc sorcerer
 11316 | Orc:2    | Noticed Saint Roka
 11317 | Orc:2    | Noticed an orc sorcerer
 11323 | Orc:2    | Noticed a sixfirhy
 11562 | Lair:1   | Entered Level 1 of the Lair of Beasts
 11669 | Lair:1   | Gained mutation: You have large cloven feet. [demonic ancestry]
 11669 | Lair:1   | Reached XP level 12. HP: 87/87 MP: 15/17
 11670 | Lair:1   | Noticed Sonja
 11788 | Lair:1   | Reached skill level 5 in Shields
 11826 | Lair:1   | Killed Sonja
 11826 | Lair:1   | Reached skill level 5 in Armour
 12485 | Lair:2   | Noticed a four-headed hydra
 12534 | Lair:1   | Killed a four-headed hydra
 12678 | Lair:2   | Noticed an eight-headed hydra
 12715 | Lair:1   | Reached skill level 5 in Dodging
 12727 | Lair:1   | Killed an eight-headed hydra
 13121 | Lair:2   | Noticed a six-headed hydra
 13372 | Lair:2   | Reached ***** piety under Qazlal
 13419 | Lair:2   | Killed a six-headed hydra
 13802 | Lair:3   | Reached XP level 13. HP: 92/96 MP: 19/19
 13926 | Lair:3   | Found a staircase to the Shoals.
 14122 | Lair:3   | Reached skill level 15 in Maces & Flails
 15187 | Lair:4   | Found a frozen archway.
 15271 | IceCv    | Entered an ice cave
 15332 | IceCv    | Reached skill level 10 in Invocations
 15650 | IceCv    | Noticed a frost giant
 16188 | IceCv    | Killed a frost giant
 16693 | Lair:4   | Found a staircase to the Snake Pit.
 17313 | Lair:5   | Gained mutation: You regenerate magic rapidly. [demonic ancestry]
 17313 | Lair:5   | Reached XP level 14. HP: 90/106 MP: 18/22
 17877 | Lair:5   | Got a smoking tin ring
 18005 | Lair:6   | Entered Level 6 of the Lair of Beasts
 18037 | Lair:5   | Reached ****** piety under Qazlal
 18967 | Lair:6   | Identified the ring "Jekhiycsi" {*Drain rF+ rN+ Int+8 Dex+3} (You found it on level 5 of the Lair of Beasts)
 19350 | Lair:6   | Found a viscous altar of Jiyva.
 19350 | Lair:6   | Found a staircase to the Slime Pits.
 19696 | Lair:6   | Got a bloodstained helmet
 19697 | Lair:6   | Identified the cursed +0 helmet of Existentialism {Int+4} (You found it on level 6 of the Lair of Beasts)
 20043 | Orc:2    | Killed Saint Roka
 20147 | Orc:2    | Noticed Rupert
 20147 | Orc:2    | Paralysed by Rupert for 2 turns
 20193 | Orc:2    | Killed Rupert
 20490 | Orc:2    | Noticed an orc warlord
 20496 | Orc:2    | Found a staircase to the Elven Halls.
 20528 | Orc:2    | Killed an orc warlord
 20528 | Orc:2    | Reached XP level 15. HP: 57/114 MP: 5/24
 20739 | Orc:2    | Paralysed by an orc sorcerer for 2 turns
 20957 | Orc:2    | Mangled by an orc knight

Skill      XL: |  1  2  3  4  5  6  7  8  9 10 11 12 13 14 15 |
---------------+----------------------------------------------+-----
Maces & Flails | 2 3 4 5 7 8 10 12 14 15 | 15.8
Invocations    | 3 6 9 10 12 | 12.4
Dodging        | 2 4 5 7 8 |  8.5
Armour         | 3 4 6 7 8 9 |  9.0
Shields        | 3 4 6 7 9 |  9.2
Fighting       | 4 5 7 8 9 |  9.8

Action                   |  1- 3 |  4- 6 |  7- 9 | 10-12 | 13-15 || total
-------------------------+-------+-------+-------+-------+-------++-------
Melee: Flail             |   130 |   174 |   514 |   744 |  1781 ||  3343
       Mace              |       |       |   280 |   769 |       ||  1049
       Kick              |       |       |       |   260 |   921 ||  1181
Invok: Upheaval          |       |       |       |     2 |       ||     2
       Elemental Force   |       |       |       |     1 |     2 ||     3
       Disaster Area     |       |       |       |       |     5 ||     5
  Use: Potion            |     1 |     2 |     5 |     9 |    10 ||    27
       Scroll            |       |     7 |     4 |    11 |     8 ||    30
 Stab: Distracted        |       |       |       |       |     2 ||     2
       Invisible         |       |       |       |       |    14 ||    14
  Eat: Chunk             |       |     7 |     8 |     9 |     3 ||    27
       Meat ration       |       |       |     1 |     1 |     1 ||     3
       Bread ration      |       |       |       |     3 |     3 ||     6
       Royal jelly       |       |       |       |     1 |       ||     1
       Fruit             |       |       |       |       |    11 ||    11
Armor: Scale mail        |    80 |    92 |   185 |       |       ||   357
       Plate armour      |       |       |   239 |   586 |   524 ||  1349
       Skin              |       |       |       |    13 |       ||    13
Dodge: Dodged            |    47 |    57 |    98 |   146 |   266 ||   614
       Deflected         |       |       |       |     4 |     4 ||     8
Block: Shield            |    67 |    78 |   351 |   909 |  1226 ||  2631
